 Dungeon Crawl Stone Soup version 0.30.0-15-g856e2d3f33 (webtiles) character file.

Game seed: 404523874647884100

160854 Jackthecabe the Demonic Catastrophe (level 17, -4/144 HPs)
             Began as a Demonspawn Warper on May 20, 2023.
             Was an Elder of Qazlal.
             Killed from afar by a quicksilver dragon (18 damage)
             ... with a bolt of dispelling energy
             ... on level 4 of the Snake Pit.
             The game lasted 01:07:33 (43101 turns).

Jackthecabe the Demonic Catastrophe (DsWr)         Turns: 43101, Time: 01:07:33

Health: -4/144     AC: 30    Str: 19    XL:     17   Next: 19%
Magic:  0/29       EV: 10    Int: 16    God:    Qazlal [****..]
Gold:   542        SH: 17    Dex: 12    Spells: 20/20 levels left

rFire   + . .        n - +2 broad axe (spect)
rCold   + . .        Z - +0 kite shield {rC+}
rNeg    . . .        m - +4 storm dragon scales {Bai Suzhen}
rPois   +            V - +2 helmet {SInv}
rElec   +            (cloak unavailable)
rCorr   .            a - +2 pair of gloves
SInv    +            w - +0 pair of boots
Will    +....        l - amulet of guardian spirit Stlth
                     q - ring of poison resistance {rP+}
HPRegen 0.44/turn    F - ring of protection from fire {rF+}
MPRegen 0.21/turn

%: repel missiles, guardian spirit
@: studying Staves
A: thin metallic scales 3, foul stench 3, spiny 2, weakness stinger 3
a: Renounce Religion, Upheaval, Elemental Force


You were on level 4 of the Snake Pit.
You worshipped Qazlal.
Qazlal was greatly pleased with you.
You visited 5 branches of the dungeon, and saw 27 of its levels.

You collected 2502 gold pieces.
You spent 1960 gold pieces at shops.

Inventory:

Hand Weapons
 n - a +2 spectral broad axe (weapon)
   (You took it off Asterion on level 4 of the Snake Pit)
Missiles
 d - 6 boomerangs of dispersal (quivered) {=f}
 I - a throwing net {=f, !d}
 L - 4 curare-tipped darts
 M - 25 poisoned darts
 T - 17 boomerangs
Armour
 a - a +2 pair of gloves (worn)
   (You bought it in a shop on level 13 of the Dungeon)
 m - +4 storm dragon scales (worn) {Bai Suzhen}
   (You found it on level 4 of the Snake Pit)
 w - a +0 pair of boots (worn)
   (You found it on level 4 of the Snake Pit)
 G - a +0 plate armour of cold resistance
   (You took it off an orc warrior on level 1 of the Snake Pit)
 V - a +2 helmet of see invisible (worn)
   (You found it on level 5 of the Lair of Beasts)
 Z - a +0 kite shield of cold resistance (worn)
   (You took it off a naga warrior on level 4 of the Snake Pit)
Jewellery
 l - an amulet of guardian spirit (around neck)
   (You found it on level 4 of the Snake Pit)
 q - a ring of poison resistance (left hand) {rP+}
   (You found it on level 3 of the Lair of Beasts)
 x - a +6 ring of strength
   (You found it on level 4 of the Lair of Beasts)
 F - a ring of protection from fire (right hand) {rF+}
   (You took it off a centaur on level 13 of the Dungeon)
Wands
 f - a wand of light (12)
   (You found it on level 5 of the Dungeon)
 C - a wand of mindburst (5)
   (You bought it in a shop on level 2 of the Snake Pit)
 H - a wand of flame (53)
   (You found it on level 8 of the Dungeon)
 R - a wand of iceblast (12)
   (You found it on level 11 of the Dungeon)
 X - a wand of polymorph (2)
   (You found it on level 12 of the Dungeon)
Scrolls
 b - 4 scrolls of fog
 c - 5 scrolls of blinking {!r!d}
 g - a scroll of immolation {!r}
 k - a scroll of fear
 o - a scroll of silence
 r - 8 scrolls of identify {@r1}
 t - 2 scrolls of magic mapping {!r}
 y - 6 scrolls of vulnerability {!r!r}
 B - 8 scrolls of poison
 D - a scroll of enchant weapon
 K - 4 scrolls of amnesia
 O - 3 scrolls of torment {!r!r}
 S - 11 scrolls of teleportation {!r!d, @r3}
 W - 3 scrolls of enchant armour
Potions
 e - a potion of resistance
 h - 2 potions of brilliance
 i - 3 potions of mutation {!q}
 j - 2 potions of magic
 p - 2 potions of flight
 s - a potion of heal wounds {@q2, !d}
 u - 4 potions of invisibility
 v - 6 potions of attraction {!q}
 z - 2 potions of berserk rage {!q}
 A - 12 potions of curing {@q1, !d}
 E - 3 potions of lignification {!q}
 J - 3 potions of ambrosia
 N - 2 potions of might
 P - 2 potions of haste
Miscellaneous
 Q - a lightning rod (4/4)
   (You found it on level 10 of the Dungeon)
 U - a box of beasts
   (You found it on level 5 of the Lair of Beasts)
 Y - a tin of tremorstones (2/2)
   (You bought it in a shop on level 2 of the Snake Pit)


   Skills:
 - Level 16.0 Fighting
 - Level 13.9(14.0) Axes
 - Level 2.0(9.2) Polearms
 - Level 0.8 Throwing
 - Level 10.0 Armour
 + Level 9.8 Dodging
 - Level 12.0 Shields
 - Level 2.0 Spellcasting
 - Level 2.6 Translocations
 - Level 16.0 Invocations
 - Level 4.0 Evocations


You had 20 spell levels left.
You didn't know any spells.
Your spell library contained the following spells:

 Spells                   Type           Power      Damage    Failure   Level
 Blink                    Tloc           20%        N/A       82%         2
 Lesser Beckoning         Tloc           20%        N/A       82%         2
 Necrotise                Necr           4%         1d4       96%         1
 Sting                    Tmut/Pois      4%         1d3       96%         1
 Teleport Other           Tloc           10%        N/A       96%         3
 Cigotuvi's Dreadful Rot  Necr/Pois/Air  2%         N/A       99%         2
 Ensorcelled Hibernation  Hex/Ice        2%         N/A       99%         2
 Sublimation of Blood     Necr           1%         N/A       99%         2
 Wereblood                Tmut           1%         N/A       99%         2
 Vhi's Electric Charge    Tloc/Air       10%        N/A       99%         3
 Volatile Blastmotes      Fire/Tloc      10%        2d10      99%         3
 Dazzling Flash           Conj/Hex       2%         N/A       100%        3
 Spider Form              Tmut/Pois      1%         N/A       100%        3
 Stone Arrow              Conj/Erth      2%         3d7       100%        3
 Summon Guardian Golem    Hex/Summ       1%         N/A       100%        3
 Tukima's Dance           Hex            1%         N/A       100%        3
 Vampiric Draining        Necr           1%         2d6       100%        3
 Anguish                  Hex/Necr       0%         N/A       100%        4
 Animate Armour           Summ/Erth      2%         N/A       100%        4
 Dispel Undead            Necr           1%         3d6       100%        4
 Fulminant Prism          Conj/Hex       0%         3d5       100%        4
 Iskenderun's Mystic Bla  Conj/Tloc      5%         2d3       100%        4
 Manifold Assault         Tloc           10%        N/A       100%        4
 Passage of Golubria      Tloc           10%        N/A       100%        4
 Petrify                  Tmut/Erth      1%         N/A       100%        4
 Agony                    Necr           1%         N/A       100%        5
 Irradiate                Conj/Tmut      0%         3d11      100%        5
 Lee's Rapid Deconstruct  Erth           0%         3d4*      100%        5
 Summon Forest            Summ/Tloc      2%         N/A       100%        5
 Yara's Violent Unravell  Hex/Tmut       0%         3d3       100%        5
 Death Channel            Necr           0%         N/A       100%        6
 Eringya's Noxious Bog    Tmut/Pois      0%         N/A       100%        6
 Iron Shot                Conj/Erth      0%         9d1       100%        6
 Starburst                Conj/Fire      0%         6d3       100%        6
 Statue Form              Tmut/Erth      0%         N/A       100%        6
 Orb of Destruction       Conj           0%         9d5       100%        7
 Spellforged Servitor     Conj/Summ      0%         N/A       100%        7
 Summon Hydra             Summ           0%         N/A       100%        7
 Lehudib's Crystal Spear  Conj/Erth      0%         10d2      100%        8


Dungeon Overview and Level Annotations

Branches:
Dungeon (15/15)            Temple (1/1) D:5            Lair (5/5) D:9
  Swamp (0/4) Lair:3        Snake (4/4) Lair:2        Slime (0/5) Lair:5
    Orc (2/2) D:12            Elf (0/3) Orc:2        Vaults (0/5) D:13
 Depths (0/4) D:15

Altars:
Ashenzari
Cheibriados
Dithmenos
Fedhas
Gozag
Hepliaklqana
Kikubaaqudgha
Makhleb
Nemelex Xobeh
Okawaru
Qazlal
Ru
Sif Muna
Trog
Uskayaw
Vehumet
Wu Jian
Xom
Yredelemnul
Jiyva

Shops:
D:13 [   Orc:1 :   Orc:2 **([   Snake:2 *   Snake:4 ?[

Annotations:
D:3 1 runed translucent door, fridstol's ghost, amateur TrBe
D:4 2 transporters
Lair:5 1 runed translucent door
Snake:3 1 transporter


Innate Abilities, Weirdness & Mutations

You are completely covered in thin metallic scales. (AC +4, rElec)
You frequently emit foul miasma when damaged in melee.
You are mostly covered in sharp spines.
You have a sharp stinger which inflicts weakening toxins.


Message History

The quicksilver dragon claws you but does no damage.
The quicksilver dragon bites your +2 spectral broad axe.
Your spectral weapon shares its damage with you!
The quicksilver dragon misses your +2 spectral broad axe.
Your +2 spectral broad axe is engulfed in blazing flames.
The quicksilver dragon is engulfed in blazing flames.
The quicksilver dragon breathes dispelling energy at you.
The bolt of dispelling energy hits you!!
The quicksilver dragon barely misses your +2 spectral broad axe.
The quicksilver dragon misses your +2 spectral broad axe.
Your +2 spectral broad axe is engulfed in blazing flames.
You take 31 damage, and have 84/144 hp.
MASSIVE DAMAGE!!
You now have 16/29 mp.
You slash the quicksilver dragon!
Your +2 spectral broad axe barely misses the quicksilver dragon.
Your +2 spectral broad axe hits the quicksilver dragon!
You block the quicksilver dragon's attack. x2
The quicksilver dragon bites your +2 spectral broad axe.
Your spectral weapon shares its damage with you!
The quicksilver dragon claws your +2 spectral broad axe!
Your spectral weapon shares its damage with you!
Your +2 spectral broad axe disappears.
You take 4 damage, and have 80/144 hp.
You now have 15/29 mp.
You closely miss the quicksilver dragon.
Your +2 spectral broad axe barely misses the quicksilver dragon.
Your +2 spectral broad axe hits the quicksilver dragon.
The quicksilver dragon breathes dispelling energy at you.
The bolt of dispelling energy misses you.
The quicksilver dragon breathes dispelling energy at you.
The bolt of dispelling energy hits your +2 spectral broad axe!!
Your spectral weapon shares its damage with you!
Your +2 spectral broad axe disappears.
The bolt of dispelling energy misses you.
The quicksilver dragon is struck by your spines.
The quicksilver dragon bites you but does no damage.
You block the quicksilver dragon's attack.
You take 11 damage, and have 69/144 hp.
You now have 13/29 mp.
You barely miss the quicksilver dragon. You hit the quicksilver dragon.
Your +2 spectral broad axe hits the quicksilver dragon but does no damage.
You block the quicksilver dragon's attack.
The quicksilver dragon claws you but does no damage.
You block the quicksilver dragon's attack.
The quicksilver dragon claws you.
You take 2 damage, and have 67/144 hp.
You miss the quicksilver dragon. You slash the quicksilver dragon!
Your +2 spectral broad axe hits the quicksilver dragon!
The quicksilver dragon bites you. The quicksilver dragon claws you.
The quicksilver dragon is struck by your spines.
The quicksilver dragon barely misses you. x2
The quicksilver dragon is struck by your spines.
The quicksilver dragon bites you but does no damage.
You block the quicksilver dragon's attack.
The quicksilver dragon breathes dispelling energy at you.
The bolt of dispelling energy hits you!!
* * * LOW HITPOINT WARNING * * *
You take 25 damage, and have 42/144 hp.
You now have 7/29 mp.
You are too injured to fight recklessly!
Unknown command.
You closely miss the quicksilver dragon.
You barely miss the quicksilver dragon.
Your +2 spectral broad axe closely misses the quicksilver dragon.
You block the quicksilver dragon's attack.
The quicksilver dragon claws you but does no damage.
You block the quicksilver dragon's attack.
The quicksilver dragon claws you but does no damage.
You hit the quicksilver dragon. x2
Your +2 spectral broad axe closely misses the quicksilver dragon.
The quicksilver dragon breathes dispelling energy at you.
The bolt of dispelling energy hits you!!
* * * LOW HITPOINT WARNING * * *
You block the quicksilver dragon's attack.
The quicksilver dragon barely misses you.
The quicksilver dragon is struck by your spines.
The quicksilver dragon closely misses you. x2
The quicksilver dragon barely misses you.
You block the quicksilver dragon's attack.
You take 25 damage, and have 17/144 hp.
You now have 2/29 mp.
Unknown command.
Here: a quicksilver dragon (almost dead, catching its breath)
The floor, spattered with blood.
Unknown command.
You feel much better.
Your +2 spectral broad axe disappears.
The quicksilver dragon bites you but does no damage.
You block the quicksilver dragon's attack.
The quicksilver dragon bites you but does no damage.
You block the quicksilver dragon's attack.
You regained 18 hp, and now have 35/144 hp.
You slice the quicksilver dragon!! You slash the quicksilver dragon!
Your +2 spectral broad axe closely misses the quicksilver dragon.
You block the quicksilver dragon's attack.
The quicksilver dragon claws you!
* * * LOW HITPOINT WARNING * * *
The quicksilver dragon bites you but does no damage.
You block the quicksilver dragon's attack.
The quicksilver dragon breathes dispelling energy at you.
The bolt of dispelling energy hits you!
* * * LOW HITPOINT WARNING * * *
The quicksilver dragon breathes dispelling energy at you.
The bolt of dispelling energy hits you!!
You die...

..#####.'..⌠.8# .##
.#####..#.....##..#
..#..#..##...##...#
.........##'## ..#
.....##......##.####
..######......'##..###
8## #########..#.§...#
..###..###..##.8DD#
...#..).#....#○(@##
...'..8.'..8.'....#
...#..÷.#....#.○.##
..###..###:.##.8..#
8## #### ### ..#....
..# ..'##..## .....
..##. ### ....... #'#
. ..#..#. ..


You could see 2 quicksilver dragons and a friendly +2 spectral broad axe.

Vanquished Creatures
  Vashnia (Snake:2)
  Saint Roka (Snake:2)
  Nikola (Snake:4)
  Asterion (Snake:4)
  Gastronok (Lair:3)
  3 nagarajas (Snake:4)
  Aizul (Snake:1)
  A stone giant (D:15)
  Nessos (Orc:2)
  Josephine (D:13)
  6 hydras (D:9 Lair:2 Lair:3 Lair:4 D:14)
  7 salamander tyrants (Snake:4)
  2 catoblepae (Lair:5 D:14)
  2 ogre magi (D:13 D:15)
  5 centaur warriors (D:13 D:14)
  Erica (D:8)
  9 two-headed ogres (D:8 D:9 D:11 D:12 D:13)
  2 tengu warriors (D:15)
  10 anacondas (Snake:1 Snake:2 Snake:3 Snake:4)
  A boulder beetle (D:9)
  11 naga warriors (Snake:3 Snake:2 Snake:4)
  5 orc high priests (Orc:2)
  Nergalle (Lair:3)
  5 shock serpents (Snake:1 Snake:2 Snake:4)
  12 naga sharpshooters (Snake:1 Snake:2 Snake:3 Snake:4)
  2 salamander mystics (Snake:3)
  A skeletal warrior (D:12)
  2 lindwurms (Lair:4)
  7 naga ritualists (Snake:1 Snake:2 Snake:3 Snake:4)
  10 mana vipers (Snake:2 Snake:3 Snake:4)
  A deep elf pyromancer (D:14)
  An oklob plant (Orc:1)
  3 orc knights (Orc:2 D:13)
  6 ugly things (D:12 D:13 D:14)
  An orc sorcerer (Orc:2)
  6 manticores (D:11 D:12 D:13 D:14)
  9 elephants (Lair:3 Lair:5)
  44 black mambas (Lair:2 Lair:4 Lair:5 Snake:1 Snake:2)
  5 salamanders (Snake:2 Snake:3 Snake:4)
  4 cyclopes (D:11 D:14 D:15)
  17 naga magi (Snake:1 Snake:2 Snake:3 Snake:4)
  A gargoyle (D:12)
  6 guardian serpents (D:12 Snake:4)
  3 centaur skeletons (D:13)
  Maggie (D:7)
  A torpor snail (Lair:2)
  10 cane toads (Lair:1 Lair:2 Lair:3 Lair:4 Lair:5)
  2 kobold demonologists (D:9 D:12)
  A rime drake (Lair:3)
  A tengu conjurer (D:9)
  7 komodo dragons (D:9 Lair:1 Lair:2 Lair:3 Lair:4)
  3 unseen horrors (D:11 D:12)
  Psyche (D:8)
  2 freezing wraiths (Snake:3)
  2 efreet (D:9 D:14)
  4 yaktaurs (D:15)
  3 meliai (D:13)
  6 polar bears (Lair:3 Lair:5)
  5 trolls (D:10 Orc:1 D:14)
  9 hornets (D:8 Lair:1 Lair:4 Lair:5)
  3 tyrant leeches (Lair:2 Lair:3)
  13 blink frogs (Lair:3 Lair:4 Lair:5)
  13 dream sheep (Lair:4 Lair:5)
  2 water elementals (D:15)
  3 shadows (D:13)
  12 spriggans (Lair:5)
  8 slime creatures (D:12 D:14 D:15)
  A jumping spider (shapeshifter) (D:13)
  3 basilisks (D:9 Lair:1 Lair:5)
  3 wyverns (D:9 Lair:1 Lair:3)
  4 wraiths (D:12 D:13)
  45 yaks (D:7 D:6 D:9 Lair:1 Lair:2)
  4 steam dragons (D:8 Lair:2)
  9 wargs (Orc:2 Snake:2 Snake:1)
  6 vampire mosquitoes (D:11 D:14)
  36 nagas (Snake:1 Snake:2 Snake:3 Snake:4)
  2 swamp worms (Lair:3)
  2 acid dragons (D:9 D:14)
  30 water moccasins (D:6 D:7 D:8 D:9 Lair:1)
  22 orc warriors (D:5 D:8 D:9 D:12 Orc:1)
  An ice beast (D:8)
  4 black bears (Lair:4 Lair:5)
  A hornet zombie (D:5)
  4 boggarts (Lair:5)
  A sky beast (D:6)
  17 wolves (D:9 Lair:5)
  15 centaurs (D:9 D:10 D:12 D:13)
  15 ogres (D:7 Orc:1 Orc:2 D:13 D:15)
  3 kobold brigands (D:4 D:9)
  16 bullfrogs (D:8 D:9 Lair:1 Lair:2 Lair:3)
  A gnoll sergeant (D:8)
  A scorpion (D:5)
  7 killer bees (D:7 D:9)
  6 howler monkeys (D:7 D:8 D:9)
  2 vampire bats (D:8)
  3 electric eels (Lair:1 D:15)
  3 centaur zombies (D:5)
  2 jellies (D:6 D:8)
  Ijyb (Temple)
  37 orc priests (D:10 D:12 Orc:1 Orc:2 D:13)
  A gnoll bouda (D:5)
  2 iguanas (D:5)
  3 sleepcaps (D:5 D:6 D:7)
  Jessica (D:2)
  17 orc wizards (D:6 D:10 D:11 D:12 Orc:1)
  2 scorpion zombies (D:5)
  5 hell rats (Lair:5)
  A human simulacrum (D:13)
  9 gnolls (D:3 D:5 D:4 D:8 D:7)
  5 adders (D:3 D:4 D:5 D:6)
  2 white imps (D:8)
  A worm (D:2)
  A dart slug (D:2)
  75 orcs (D:6 D:5 D:7 D:8 D:9)
  2 ball pythons (D:2 D:3)
  2 bat skeletons (D:8)
  2 bat zombies (D:8)
  2 endoplasms (D:1 D:2)
  2 giant cockroaches (D:3 D:4)
  10 goblins (D:1 D:2 D:3 D:4)
  5 hobgoblins (D:1 D:2 D:3 D:4)
  4 bats (D:1 D:3)
  3 frilled lizards (D:1 D:2 D:4)
  15 kobolds (D:2 D:4 D:9)
  4 rats (D:2 D:3 D:4)
  A butterfly (D:15)
  2 spectral weapons (Snake:4)
818 creatures vanquished.

Vanquished Creatures (collateral kills)
  Bai Suzhen (Snake:4)
  Jorgrun (Snake:3)
2 creatures vanquished.

Vanquished Creatures (others)
  A black mamba (Snake:4)
  A centaur skeleton (D:13)
  A human simulacrum (D:13)
  4 spectral weapons (Snake:4)
7 creatures vanquished.

Grand Total: 827 creatures vanquished

Notes
Turn   | Place    | Note
-------+----------+-------------------------------------------
     0 | D:1      | Jackthecabe the Demonspawn Warper began the quest for the
                  | Orb.
     0 | D:1      | Reached XP level 1. HP: 16/16 MP: 3/3
   320 | D:1      | Reached skill level 2 in Polearms
   339 | D:1      | Gained mutation: You have a small tail. [demonic ancestry]
   339 | D:1      | Reached XP level 2. HP: 23/23 MP: 5/5
   626 | D:2      | Identified the +5 hand axe of Noon {venom, rF+ rN+ Dex+2}
   645 | D:2      | Reached skill level 3 in Fighting
   809 | D:2      | Noticed Jessica
   811 | D:2      | Killed Jessica
   812 | D:2      | Gained mutation: You have a tail ending in a sharp stinger.
                  | [demonic ancestry]
   812 | D:2      | Reached XP level 3. HP: 30/30 MP: 6/6
  1270 | D:3      | Reached skill level 4 in Fighting
  1381 | D:3      | Gained mutation: You have a sharp stinger which inflicts
                  | weakening toxins. [demonic ancestry]
  1381 | D:3      | Reached XP level 4. HP: 29/38 MP: 7/7
  1700 | D:3      | Found a runed translucent door.
  1700 | D:3      | Noticed fridstol's ghost (amateur TrBe)
  1814 | D:3      | Found a faded altar of an unknown god.
  2117 | D:4      | Found a transporter.
  2331 | D:4      | Found a transporter.
  2431 | D:4      | Noticed a kobold brigand
  2449 | D:4      | Killed a kobold brigand
  2450 | D:4      | Reached skill level 1 in Axes
  2450 | D:4      | Reached XP level 5. HP: 25/43 MP: 8/8
  2451 | D:4      | Reached skill level 5 in Fighting
  2794 | D:5      | Entered Level 5 of the Dungeon
  2802 | D:5      | Reached skill level 2 in Axes
  2817 | D:5      | Found a staircase to the Ecumenical Temple.
  2827 | Temple   | Entered the Ecumenical Temple
  3019 | Temple   | Became a worshipper of Qazlal Stormbringer
  3045 | D:5      | Got Qodymm's Excursus on Telluric Flesh
  3465 | D:5      | Reached XP level 6. HP: 51/51 MP: 9/9
  3476 | D:5      | Reached skill level 3 in Axes
  3553 | D:5      | HP: 25/52 [gnoll/+0 whip[a gnoll bouda] (2)]
  3556 | D:5      | HP: 8/52 [gnoll bouda/+0 club (10)]
  3558 | D:5      | HP: 2/52 [gnoll bouda/+0 club (4)]
  3984 | D:5      | Reached skill level 6 in Fighting
  4188 | D:5      | Found a basalt altar of Yredelemnul.
  4199 | D:5      | HP: 22/52 [hornet zombie (7)]
  4203 | D:5      | Reached skill level 4 in Axes
  4203 | D:5      | Reached XP level 7. HP: 14/58 MP: 10/10
  4353 | D:5      | Noticed Ijyb
  4384 | Temple   | Killed Ijyb
  4848 | D:6      | Found a sparkling altar of Nemelex Xobeh.
  4871 | D:6      | HP: 29/58 [jelly (1)]
  4873 | D:6      | Reached skill level 5 in Axes
  5172 | D:6      | HP: 28/58 [orc warrior/+0 long sword (5)]
  5179 | D:5      | Reached skill level 2 in Invocations
  5480 | D:6      | HP: 27/58 [sky beast (4)]
  5482 | D:6      | Reached skill level 3 in Invocations
  5482 | D:6      | Gained mutation: You may rarely emit foul miasma when
                  | damaged in melee. [demonic ancestry]
  5482 | D:6      | Reached XP level 8. HP: 25/64 MP: 11/11
  5738 | D:6      | Reached skill level 4 in Invocations
  5839 | D:5      | HP: 32/64 [orc warrior/+0 dire flail (6)]
  5842 | D:5      | Reached skill level 5 in Invocations
  6040 | D:6      | Reached * piety under Qazlal
  6041 | D:6      | Reached skill level 6 in Invocations
  6373 | D:7      | Found a snail-covered altar of Cheibriados.
  6409 | D:7      | Reached skill level 7 in Invocations
  6481 | D:7      | Found a bloodstained altar of Trog.
  6756 | D:7      | Noticed Maggie
  6777 | D:7      | Killed Maggie
  6778 | D:7      | Reached skill level 8 in Invocations
  6778 | D:7      | Reached skill level 3 in Armour
  6889 | D:7      | Reached skill level 4 in Armour
  7058 | D:7      | Gained mutation: You are partially covered in thin metallic
                  | scales. (AC +2) [demonic ancestry]
  7058 | D:7      | Reached XP level 9. HP: 69/69 MP: 15/15
  7072 | D:7      | Reached skill level 5 in Armour
  7093 | D:7      | HP: 29/69 [yak (11)]
  7101 | D:7      | Reached skill level 6 in Armour
  7369 | D:6      | HP: 31/69 [yak (11)]
  7371 | D:6      | HP: 13/69 [yak (11)]
  7987 | D:8      | Noticed a two-headed ogre
  8016 | D:8      | Killed a two-headed ogre
  8017 | D:8      | Reached skill level 8 in Armour
  8020 | D:8      | Noticed Psyche
  8217 | D:8      | Noticed Erica
  8252 | D:8      | Killed Erica
  8252 | D:8      | HP: 30/69 [gnoll sergeant/+0 spear (12)]
  8253 | D:8      | Reached skill level 9 in Armour
  8253 | D:8      | Gained mutation: You are partially covered in sharp spines.
                  | [demonic ancestry]
  8253 | D:8      | Reached XP level 10. HP: 33/76 MP: 16/16
  8260 | D:8      | HP: 26/76 [gnoll sergeant/+0 spear (4)]
  8266 | D:8      | HP: 25/76 [gnoll sergeant/+0 spear (3)]
  8779 | D:8      | Reached skill level 1 in Shields
  8802 | D:8      | Reached skill level 6 in Axes
  9139 | D:8      | Killed Psyche
  9140 | D:8      | Reached skill level 2 in Shields
  9307 | D:8      | Found an ancient bone altar of Kikubaaqudgha.
  9309 | D:8      | Reached ** piety under Qazlal
  9467 | D:9      | Reached skill level 10 in Armour
  9621 | D:9      | Reached skill level 3 in Shields
  9632 | D:9      | HP: 37/76 [poisoned by a kobold brigand (curare-tipped
                  | dart)]
  9634 | D:9      | Reached skill level 7 in Axes
  9886 | D:9      | Noticed a two-headed ogre
  9900 | D:9      | Killed a two-headed ogre
  9901 | D:9      | Reached skill level 4 in Shields
 10156 | D:9      | Gained mutation: You sometimes emit foul miasma when
                  | damaged in melee. [demonic ancestry]
 10156 | D:9      | Reached XP level 11. HP: 70/81 MP: 17/17
 10241 | D:9      | Noticed a boulder beetle
 10321 | D:9      | Reached skill level 5 in Shields
 10331 | D:9      | Found a staircase to the Lair.
 10352 | D:9      | Found a shimmering altar of Xom.
 10400 | D:9      | HP: 37/81 [red devil/+0 trident[a kobold demonologist]
                  | (21)]
 10607 | D:9      | Killed a boulder beetle
 10608 | D:9      | Reached skill level 6 in Shields
 10782 | D:10     | Entered Level 10 of the Dungeon
 11213 | D:10     | Found a blossoming altar of Fedhas.
 11398 | D:10     | Reached skill level 7 in Shields
 11987 | D:11     | Noticed a two-headed ogre
 12004 | D:11     | Killed a two-headed ogre
 12094 | D:11     | HP: 32/81 [manticore (10)]
 12394 | D:11     | Noticed a two-headed ogre
 12639 | D:11     | Reached skill level 8 in Shields
 12647 | D:11     | HP: 37/81 [vampire mosquito (7)]
 13035 | D:11     | Killed a two-headed ogre
 13036 | D:11     | Reached skill level 7 in Fighting
 13040 | D:11     | HP: 42/84 [cyclops (7)]
 13825 | D:9      | HP: 42/84 [efreet/+0 scimitar of flaming (6)]
 14097 | D:9      | Noticed an eight-headed hydra
 14101 | D:9      | Killed an eight-headed hydra
 14102 | D:9      | Reached skill level 8 in Fighting
 14185 | Lair:1   | Entered Level 1 of the Lair of Beasts
 14627 | Lair:1   | Reached skill level 9 in Fighting
 14637 | Lair:1   | HP: 44/89 [yak (8)]
 14787 | Lair:1   | Gained mutation: You are mostly covered in thin metallic
                  | scales. (AC +3) [demonic ancestry]
 14787 | Lair:1   | Reached XP level 12. HP: 96/96 MP: 18/18
 15386 | Lair:1   | Reached skill level 10 in Fighting
 15883 | Lair:2   | Found a staircase to the Snake Pit.
 15892 | Lair:2   | Reached skill level 9 in Invocations
 15998 | Lair:2   | Reached skill level 10 in Invocations
 16051 | Lair:2   | Noticed a six-headed hydra
 16054 | Lair:2   | Killed a six-headed hydra
 16317 | Lair:2   | Reached skill level 11 in Invocations
 16333 | Lair:2   | HP: 46/97 [yak (10)]
 16624 | Lair:2   | Reached skill level 12 in Invocations
 16668 | Lair:2   | Noticed a four-headed hydra
 16670 | Lair:2   | Killed a four-headed hydra
 17107 | Lair:3   | Found a snail-covered altar of Cheibriados.
 17230 | Lair:3   | Noticed Nergalle
 17245 | Lair:3   | Reached skill level 13 in Invocations
 17247 | Lair:3   | Killed Nergalle
 17534 | Lair:3   | Reached skill level 14 in Invocations
 17768 | Lair:3   | HP: 48/97 [elephant (4)]
 17774 | Lair:3   | Reached skill level 15 in Invocations
 17775 | Lair:3   | Gained mutation: You are completely covered in thin
                  | metallic scales. (AC +4, rElec) [demonic ancestry]
 17775 | Lair:3   | Reached XP level 13. HP: 49/103 MP: 24/24
 18027 | Lair:3   | Reached skill level 8 in Axes
 18123 | Lair:3   | Noticed Gastronok
 18160 | Lair:3   | Killed Gastronok
 18663 | Lair:3   | Found a staircase to the Swamp.
 18826 | Lair:3   | HP: 46/103 [tyrant leech (21)]
 19462 | Lair:4   | Reached skill level 16 in Invocations
 19470 | Lair:4   | Reached skill level 9 in Axes
 20283 | Lair:4   | Reached skill level 10 in Axes
 20891 | Lair:5   | Entered Level 5 of the Lair of Beasts
 21060 | Lair:5   | Found a viscous altar of Jiyva.
 21061 | Lair:5   | Found a runed translucent door.
 21111 | Lair:5   | Reached *** piety under Qazlal
 21115 | Lair:5   | Reached skill level 11 in Axes
 21293 | Lair:5   | HP: 40/103 [catoblepas (17)]
 21298 | Lair:5   | HP: 34/103 [poisoned by a black mamba]
 21867 | Lair:5   | Reached skill level 12 in Axes
 22084 | Lair:5   | Reached **** piety under Qazlal
 22085 | Lair:5   | Gained mutation: You frequently emit foul miasma when
                  | damaged in melee. [demonic ancestry]
 22085 | Lair:5   | Reached XP level 14. HP: 106/110 MP: 26/26
 22256 | Lair:5   | Found a staircase to the Slime Pits.
 23058 | D:12     | Found a staircase to the Orcish Mines.
 23303 | D:12     | Reached skill level 13 in Axes
 23361 | D:12     | HP: 40/110 [very large slime creature (49)]
 23773 | D:12     | Reached ***** piety under Qazlal
 23945 | D:12     | Identified the +2 leather armour "Riodghent" {rC++ Int+3}
 24312 | Orc:1    | Entered Level 1 of the Orcish Mines
 24425 | Orc:1    | HP: 55/110 [orc priest/divine providence (16)]
 24774 | Orc:1    | Found Sagop's Book Shoppe.
 25002 | Orc:2    | Entered Level 2 of the Orcish Mines
 25043 | Orc:2    | Noticed Nessos
 25117 | Orc:2    | Killed Nessos
 25226 | Orc:2    | Found a staircase to the Elven Halls.
 25717 | Orc:2    | Reached skill level 9 in Shields
 25763 | Orc:2    | HP: 53/110 [orc priest/divine providence (9)]
 25777 | Orc:2    | HP: 31/110 [orc priest/divine providence (12)]
 25793 | Orc:2    | HP: 28/110 [orc high priest/+0 battleaxe (8)]
 26214 | Orc:2    | Found Vaxoedia's Assorted Antiques.
 26214 | Orc:2    | Found Ranuleun's Assorted Antiques.
 26312 | Orc:2    | HP: 53/110 [orc priest/divine providence (11)]
 26501 | Orc:2    | Found Cubreil's Antique Armour Shop.
 26501 | Orc:2    | Found Nuyfoshe's Weapon Emporium.
 26734 | Orc:2    | Bought a distressingly furry buckler for 256 gold pieces
 26734 | Orc:2    | Identified the +3 buckler of the Fife {Harm Will- Regen+
                  | Int+4} (You bought it in a shop on level 2 of the Orcish
                  | Mines)
 26747 | Orc:2    | Bought a scroll of identify for 58 gold pieces
 26758 | Orc:2    | Bought a scroll of identify for 54 gold pieces
 26758 | Orc:2    | Bought a murky white potion for 24 gold pieces
 26758 | Orc:2    | Bought a wand of light (4) for 453 gold pieces
 26978 | D:13     | Reached skill level 10 in Shields
 27087 | D:13     | Found Suvuoj's Antique Armour Shoppe.
 27093 | D:13     | Bought a pair of runed gloves for 187 gold pieces
 27903 | D:13     | Reached skill level 11 in Shields
 27970 | D:13     | Found a gate to the Vaults.
 28127 | D:13     | Noticed Josephine
 28137 | D:13     | Gained mutation: You are mostly covered in sharp spines.
                  | [demonic ancestry]
 28137 | D:13     | Reached XP level 15. HP: 101/115 MP: 27/27
 28143 | D:13     | Killed Josephine
 29091 | D:14     | Reached skill level 12 in Shields
 29154 | D:14     | Reached skill level 1 in Evocations
 29162 | D:14     | Reached skill level 2 in Evocations
 29520 | D:14     | Reached skill level 3 in Evocations
 29757 | D:15     | Entered Level 15 of the Dungeon
 29945 | D:15     | Reached skill level 4 in Evocations
 30227 | D:15     | Found a staircase to the Depths.
 31193 | Snake:1  | Entered Level 1 of the Snake Pit
 31203 | Snake:1  | Reached skill level 11 in Fighting
 31691 | Snake:1  | Noticed Aizul
 31728 | Snake:1  | Killed Aizul
 32124 | Snake:1  | Reached skill level 12 in Fighting
 32391 | Snake:2  | Noticed Saint Roka
 32513 | Snake:2  | Found Gos Tuaraeko's General Store.
 33228 | Snake:2  | Bought a tin of tremorstones (2/2) for 560 gold pieces
 33228 | Snake:2  | Bought a wand of mindburst (5) for 98 gold pieces
 33314 | Snake:2  | HP: 57/122 [Saint Roka/divine providence (12)]
 33316 | Snake:2  | Killed Saint Roka
 33317 | Snake:2  | Reached skill level 13 in Fighting
 33973 | Snake:2  | HP: 61/124 [poisoned by a black mamba]
 33978 | Snake:2  | HP: 46/124 [poisoned by a black mamba]
 33983 | Snake:2  | HP: 40/124 [poisoned by a black mamba]
 34552 | Snake:2  | Noticed Vashnia
 34559 | Snake:2  | Killed Vashnia
 34560 | Snake:2  | Reached skill level 14 in Fighting
 34560 | Snake:2  | Reached XP level 16. HP: 125/133 MP: 7/28
 34589 | Snake:2  | HP: 66/133 [naga sharpshooter/arrow[Vashnia] (16)]
 34594 | Snake:2  | HP: 48/133 [poisoned by a naga sharpshooter (splash of
                  | poison)]
 35330 | Snake:3  | Noticed Jorgrun
 35524 | Snake:2  | HP: 64/134 [naga warrior/+0 scimitar (8)]
 35531 | Snake:2  | Reached skill level 15 in Fighting
 36141 | Snake:3  | Killed Jorgrun
 36406 | Snake:3  | Found a blossoming altar of Fedhas.
 36653 | Snake:3  | Reached skill level 16 in Fighting
 36653 | Snake:3  | Reached skill level 2 in Dodging
 36832 | Snake:3  | Reached skill level 3 in Dodging
 36958 | Snake:3  | Found a transporter.
 37094 | Snake:3  | Found a radiant altar of Vehumet.
 37258 | Snake:4  | Entered Level 4 of the Snake Pit
 37300 | Snake:4  | Reached skill level 4 in Dodging
 37498 | Snake:4  | Noticed Nikola
 37620 | Snake:4  | Killed Nikola
 37689 | Snake:4  | Reached skill level 5 in Dodging
 38206 | Snake:4  | Reached skill level 6 in Dodging
 38523 | Snake:4  | Reached skill level 7 in Dodging
 38833 | Snake:4  | Reached skill level 8 in Dodging
 38836 | Snake:4  | HP: 69/138 [poisoned by a naga ritualist (toxic radiance)]
 38841 | Snake:4  | HP: 66/138 [poisoned by a naga ritualist (toxic radiance)]
 39059 | Snake:4  | Found Qegapof's Antique Armour Boutique.
 39059 | Snake:4  | Found Pihox's Magic Scroll Shop.
 39078 | Snake:4  | Bought a scroll of blinking for 135 gold pieces
 39078 | Snake:4  | Bought a scroll of enchant armour for 135 gold pieces
 39116 | Snake:4  | Noticed Bai Suzhen
 39121 | Snake:4  | HP: 68/138 [Bai Suzhen/+7 quarterstaff (21)]
 39138 | Snake:4  | Noticed Asterion
 39141 | Snake:4  | HP: 44/138 [guardian serpent/bolt of poison (4)]
 39146 | Snake:4  | HP: 33/138 [poisoned by a guardian serpent (bolt of
                  | poison)]
 39151 | Snake:4  | HP: 26/138 [poisoned by a guardian serpent (bolt of
                  | poison)]
 39156 | Snake:3  | HP: 20/138 [poisoned by a guardian serpent (bolt of
                  | poison)]
 40031 | Snake:4  | Killed Asterion
 40032 | Snake:4  | Reached XP level 17. HP: 115/142 MP: 9/29
 40256 | Snake:4  | Found a snail-covered altar of Cheibriados.
 40460 | Snake:4  | Reached skill level 9 in Dodging
 40516 | Snake:4  | Found a snail-covered altar of Cheibriados.
 40564 | Snake:4  | Found Qegapof's Antique Armour Boutique.
 40564 | Snake:4  | Found Pihox's Magic Scroll Shop.
 40780 | Snake:4  | Killed Bai Suzhen
 41974 | Snake:4  | Found Qegapof's Antique Armour Boutique.
 41974 | Snake:4  | Found Pihox's Magic Scroll Shop.
 42045 | Snake:4  | Found a snail-covered altar of Cheibriados.
 42805 | Snake:4  | HP: 53/144 [salamander tyrant (22)]
 42810 | Snake:4  | HP: 45/144 [poisoned by a nagaraja (bolt of poison)]
 42815 | Snake:4  | HP: 42/144 [poisoned by a nagaraja (bolt of poison)]
 43088 | Snake:4  | Noticed a quicksilver dragon
 43089 | Snake:4  | Noticed a quicksilver dragon
 43095 | Snake:4  | HP: 69/144 [quicksilver dragon (12)]
 43099 | Snake:4  | HP: 17/144 [quicksilver dragon/bolt of dispelling energy
                  | (26)]
 43101 | Snake:4  | Killed from afar by a quicksilver dragon

Illustrated notes

Levels and vault maps discovered:
D:1:      eino_arrival_water_cross, layout_rooms, minmay_surrounded
D:2:      layout_loops_ring, basic_altar, uniq_jessica
D:3:      layout_loops_ring, hellmonk_ecumenical_altar_heavens_door,
          ebering_ghost_reflecting_pool, kennysheep_generic_room_12,
          uniq_crazy_yiuf_cottage
D:4:      gammafunk_cloud_chamber, layout_cave_pods, lexackson_kobold_supper
D:5:      layout_cave_pods, nicolae_yredelemnul_corpse_copse,
          minmay_temple_entry_arrows, uniq_ijyb
D:6:      layout_basic, nemelex_altar_shiori, kennysheep_opposing_triangles
D:7:      layout_basic, mainiacjoe_overflow_concentric_impassable,
          mainiacjoe_overflow_small_starburst, serial_bayou_pond_e,
          glass_columns_a, minmay_misc_feat_five, uniq_maggie
D:8:      layout_cave_pods, kennysheep_vampire_church, old_standard_altar,
          minmay_manual_monolith, uniq_erica, uniq_psyche
D:9:      nzn_winding_woodlands_small [nzn_winding_woodlands_5x15_split_checker,
          nzn_winding_woodlands_center_lodge,
          nzn_winding_woodlands_5x15_default], layout_rooms,
          mainiacjoe_overflow_brackets, dpeg_oklobed_lair,
          minmay_misc_feat_doors, feat_on_display
D:10:     layout_gridville, fedhas_altar_1, st_stairs_13
D:11:     layout_basic, minivault_5
D:12:     layout_cave_pools, david_orc_2, nrook_guardian_serpent_double
D:13:     layout_long_grid, hangedman_vaults_entry_quadrant_bands, special_room
          [special_room_orc], serial_shops, nicolae_shop_pleasant_corner_grove,
          bh_circular_ruins, uniq_josephine
D:14:     layout_irregular_city, minmay_misc_feat_alley
D:15:     grunt_enter_depths_giant_problem, layout_basic,
          nicolae_elyvilon_peaceful_grove
Temple:   nicolae_temple_bog_church
Lair:1:   layout_concentric_octagons, beast_lair_carwin_5, serial_bayou_shore_a
Lair:2:   layout_roguey, minmay_snake_entry_six_corridors
Lair:3:   layout_hall_layers, minmay_swamp_entry_worms, basic_altar,
          serial_bayou_ford_a, lemuel_fruit_tree, uniq_gastronok, uniq_nergalle
Lair:4:   cheibrodos_lair_overgrown_chateau, layout_gridlike,
          grunt_megastairs_2, infiniplex_staircase_pool
Lair:5:   minmay_lair_end_enchanted_forest, layout_regular_city, slime_entry_2
Snake:1:  layout_misc_corridors, uniq_aizul
Snake:2:  layout_misc_corridors, nicolae_stop_n_shop_1, uniq_vashnia,
          uniq_saint_roka
Snake:3:  gammafunk_sealed_library, layout_misc_corridors, basic_altar,
          portal_ice_cave_entry_frozen_things, uniq_jorgrun
Snake:4:  hellmonk_snake_rune_quicksilver_temple, layout_layer_cave,
          basic_altar, minmay_shoptagon, nicolae_triple_integral, uniq_asterion,
          uniq_bai_suzhen, uniq_nikola
Orc:1:    layout_caves, serial_shops, nicolae_shop_peninsula, mines3_lemuel
Orc:2:    st_orc_town, layout_diamond_mine, uniq_nessos

Skill      XL: |  1  2  3  4  5  6  7  8  9 10 11 12 13 14 15 16 17 |
---------------+----------------------------------------------------+-----
Polearms       | 2 |  2.0
Fighting       | 3 4 5 6 9 10 14 16 | 16.0
Axes           | 1 2 4 5 7 12 13 | 13.9
Invocations    | 3 8 15 16 | 16.0
Armour         | 4 9 10 | 10.0
Shields        | 4 8 11 12 | 12.0
Evocations     | 4 |  4.0
Dodging        | 8 9 |  9.8
Throwing       | |  0.8
Spellcasting   | |  2.0
Translocations | |  2.6

Action                     |  1- 3 |  4- 6 |  7- 9 | 10-12 | 13-15 | 16-18 || total
---------------------------+-------+-------+-------+-------+-------+-------++-------
  Melee: Spear             |    44 |       |       |       |       |       ||    44
         Hand axe          |    25 |    95 |   184 |   475 |  1623 |   572 ||  2974
         Tailslap          |     2 |    14 |    32 |    88 |   340 |   142 ||   618
         Punch             |     1 |       |     3 |       |       |       ||     4
         Broad axe         |       |       |       |       |       |    61 ||    61
  Throw: Throwing net      |       |       |     2 |     1 |       |       ||     3
         Boomerang         |       |       |     1 |       |       |       ||     1
         Dart              |       |       |       |    14 |       |     2 ||    16
 Invoke: Upheaval          |       |       |       |    14 |    29 |     9 ||    52
         Elemental Force   |       |       |       |       |       |     2 ||     2
  Evoke: Wand              |       |       |     9 |     6 |       |       ||    15
         Box of beasts     |       |       |       |       |       |     1 ||     1
    Use: Scroll            |       |     4 |       |    14 |    12 |     4 ||    34
         Potion            |       |       |       |       |       |     6 ||     6
   Stab: Invisible         |       |       |     5 |     2 |       |       ||     7
         Distracted        |       |       |       |       |       |     3 ||     3
 Armour: Ring mail         |     9 |    38 |    24 |       |       |       ||    71
         Leather armour    |     1 |       |       |       |       |       ||     1
         Scale mail        |       |       |    21 |       |       |       ||    21
         Swamp dragon scal |       |       |    43 |   167 |   375 |       ||   585
         Plate armour      |       |       |       |       |    26 |   168 ||   194
         Storm dragon scal |       |       |       |       |       |    15 ||    15
  Dodge: Dodged            |    34 |    77 |   111 |   177 |   367 |   126 ||   892
         Repelled          |       |       |       |       |    14 |    21 ||    35
  Block: Other             |       |       |     6 |     1 |       |       ||     7
         Kite shield       |       |       |       |   377 |  1220 |   444 ||  2041

Levels and vault maps discovered:
D:1:      eino_arrival_water_cross, layout_rooms, minmay_surrounded
D:2:      layout_loops_ring, basic_altar, uniq_jessica
D:3:      layout_loops_ring, hellmonk_ecumenical_altar_heavens_door,
          ebering_ghost_reflecting_pool, kennysheep_generic_room_12,
          uniq_crazy_yiuf_cottage
D:4:      gammafunk_cloud_chamber, layout_cave_pods, lexackson_kobold_supper
D:5:      layout_cave_pods, nicolae_yredelemnul_corpse_copse,
          minmay_temple_entry_arrows, uniq_ijyb
D:6:      layout_basic, nemelex_altar_shiori, kennysheep_opposing_triangles
D:7:      layout_basic, mainiacjoe_overflow_concentric_impassable,
          mainiacjoe_overflow_small_starburst, serial_bayou_pond_e,
          glass_columns_a, minmay_misc_feat_five, uniq_maggie
D:8:      layout_cave_pods, kennysheep_vampire_church, old_standard_altar,
          minmay_manual_monolith, uniq_erica, uniq_psyche
D:9:      nzn_winding_woodlands_small [nzn_winding_woodlands_5x15_split_checker,
          nzn_winding_woodlands_center_lodge,
          nzn_winding_woodlands_5x15_default], layout_rooms,
          mainiacjoe_overflow_brackets, dpeg_oklobed_lair,
          minmay_misc_feat_doors, feat_on_display
D:10:     layout_gridville, fedhas_altar_1, st_stairs_13
D:11:     layout_basic, minivault_5
D:12:     layout_cave_pools, david_orc_2, nrook_guardian_serpent_double
D:13:     layout_long_grid, hangedman_vaults_entry_quadrant_bands, special_room
          [special_room_orc], serial_shops, nicolae_shop_pleasant_corner_grove,
          bh_circular_ruins, uniq_josephine
D:14:     layout_irregular_city, minmay_misc_feat_alley
D:15:     grunt_enter_depths_giant_problem, layout_basic,
          nicolae_elyvilon_peaceful_grove
Temple:   nicolae_temple_bog_church
Lair:1:   layout_concentric_octagons, beast_lair_carwin_5, serial_bayou_shore_a
Lair:2:   layout_roguey, minmay_snake_entry_six_corridors
Lair:3:   layout_hall_layers, minmay_swamp_entry_worms, basic_altar,
          serial_bayou_ford_a, lemuel_fruit_tree, uniq_gastronok, uniq_nergalle
Lair:4:   cheibrodos_lair_overgrown_chateau, layout_gridlike,
          grunt_megastairs_2, infiniplex_staircase_pool
Lair:5:   minmay_lair_end_enchanted_forest, layout_regular_city, slime_entry_2
Snake:1:  layout_misc_corridors, uniq_aizul
Snake:2:  layout_misc_corridors, nicolae_stop_n_shop_1, uniq_vashnia,
          uniq_saint_roka
Snake:3:  gammafunk_sealed_library, layout_misc_corridors, basic_altar,
          portal_ice_cave_entry_frozen_things, uniq_jorgrun
Snake:4:  hellmonk_snake_rune_quicksilver_temple, layout_layer_cave,
          basic_altar, minmay_shoptagon, nicolae_triple_integral, uniq_asterion,
          uniq_bai_suzhen, uniq_nikola
Orc:1:    layout_caves, serial_shops, nicolae_shop_peninsula, mines3_lemuel
Orc:2:    st_orc_town, layout_diamond_mine, uniq_nessos

Table legend: (Time is in decaauts)
 A = Elapsed time spent in this place.
 B = Non-inter-level travel time spent in this place.
 C = Inter-level travel time spent in this place.
 D = Time resting spent in this place.
 E = Time spent auto-exploring this place.
 F = Levels seen in this place.
 G = Mean time per level.
                   A        B        C        D        E       F      G
               +--------+--------+--------+--------+--------+-----+--------+
         Total |  42738 |  40427 |   2311 |   9923 |  24890 |  27 | 1582.9 |
       Dungeon |  19687 |  18450 |   1237 |   3906 |  12062 |  15 | 1312.5 |
        Temple |    304 |    286 |     18 |     80 |    185 |   1 |  304.0 |
          Lair |   8678 |   8262 |    416 |   1466 |   5487 |   5 | 1735.6 |
     Snake Pit |  11644 |  11303 |    341 |   4151 |   5778 |   4 | 2911.0 |
  Orcish Mines |   2423 |   2126 |    297 |    319 |   1378 |   2 | 1211.5 |
               +--------+--------+--------+--------+--------+-----+--------+

Top non-repeatable levels by time:
 Snake:4: 5176 daAuts
 Snake:1: 2472 daAuts
 Snake:2: 2047 daAuts
  Lair:3: 1978 daAuts
 Snake:3: 1948 daAuts
    D:11: 1947 daAuts
     D:9: 1873 daAuts
  Lair:5: 1798 daAuts
  Lair:4: 1780 daAuts
     D:6: 1735 daAuts
   Orc:2: 1669 daAuts
     D:5: 1633 daAuts
  Lair:2: 1596 daAuts
    D:12: 1531 daAuts
  Lair:1: 1525 daAuts

Table legend:
 A = Kills in this place as a percentage of kills in the entire game.
 B = Kills by you in this place as a percentage of kills by you in the entire game.
 C = Kills by friends in this place as a percentage of kills by friends in the entire game.
 D = Other kills in this place as a percentage of other kills in the entire game.
 E = Experience gained in this place as a percentage of experience gained in the entire game.
 F = Experience gained in this place divided by the number of levels of this place that you have seen.
                   A       B       C       D       E      F
               +-------+-------+-------+-------+-------+----------------------
         Total | 100.0 | 100.0 | 100.0 | 100.0 | 100.0 | 8510.8
       Dungeon |  38.5 |  38.5 |   0.0 |  50.0 |  26.4 | 4038.1
        Temple |   0.1 |   0.1 |   0.0 |   0.0 |   0.0 |  42.0
          Lair |  23.8 |  23.9 |   0.0 |   0.0 |  21.6 | 9929.0
     Snake Pit |  23.6 |  23.3 | 100.0 |  50.0 |  46.7 | 26840.0
  Orcish Mines |  14.0 |  14.1 |   0.0 |   0.0 |   5.3 | 6086.5
               +-------+-------+-------+-------+-------+----------------------
